 Dungeon Crawl Stone Soup version 0.19-a0-1268-g6c5d9f8 (webtiles) character file.

413 Eldritch the Shield-Bearer (level 6, 0/56 HPs)
             Began as a Deep Dwarf Fighter on Aug 29, 2016.
             Killed from afar by espais's ghost (8 damage)
             ... with a spray of energy
             ... on level 4 of the Dungeon.
             The game lasted 00:03:41 (2256 turns).

Eldritch the Shield-Bearer (Deep Dwarf Fighter)     Turns: 2256, Time: 00:03:41

Health: 0/56       AC:  9    Str: 21    XL:     6   Next: 59%
Magic:  4/4        EV:  9    Int:  8    God:
Gold:   154        SH:  0    Dex: 13    Spells: 0 memorised, 5 levels left

rFire  . . .     SeeInvis .     a - +0 war axe
rCold  . . .     Gourm    .     b - +0 scale mail
rNeg   . . .     Faith    .     c - +0 shield
rPois  .         Spirit   .     (no helmet)
rElec  .         Dismiss  .     (no cloak)
rCorr  .         Reflect  .     (no gloves)
MR     .....     Harm     .     t - +1 pair of boots
Stlth  ..........               (no amulet)
                                (no ring)
                                (no ring)

@: confused, non-regenerating
A: damage resistance, recharge devices, sense surroundings 1, slow regeneration
3
a: Device Recharging


You were on level 4 of the Dungeon.
You were not hungry.

You visited 1 branch of the dungeon, and saw 4 of its levels.

You collected 154 gold pieces.

Inventory:

Hand Weapons
 a - a +0 war axe (weapon)
Armour
 b - a +0 scale mail (worn)
 c - a +0 shield (worn)
 t - a +1 pair of boots (worn)
Jewellery
 p - an uncursed ring of protection from fire {unknown}
 u - a cursed ring of fire {unknown}
Wands
 e - a wand of heal wounds (0/9)
Scrolls
 h - 4 scrolls of fog {unknown}
 j - 5 scrolls of remove curse {unknown}
 k - a scroll of teleportation {unknown}
 l - 2 scrolls of magic mapping {unknown}
 m - 2 scrolls of identify {unknown}
 s - 2 scrolls of enchant weapon {unknown}
Potions
 d - 2 potions of might
 g - a potion of resistance {unknown}
 i - 2 potions of agility {unknown}
 n - a potion of heal wounds {unknown}
 o - a potion of ambrosia {unknown}
 q - 2 potions of degeneration {unknown}
 r - a potion of flight {unknown}
 v - a potion of brilliance {unknown}
Comestibles
 f - 3 bread rations


   Skills:
 + Level 3.4 Fighting
 + Level 3.5 Axes
 + Level 4.6 Armour
 + Level 3.7 Dodging
 + Level 4.9 Shields
 + Level 0.6 Evocations


You had 5 spell levels left.
You didn't know any spells.

Dungeon Overview and Level Annotations

Branches:
Dungeon (4/15)
 Temple: D:4-7

Altars:
Fedhas

Annotations:
D:4 espais's ghost, amateur DrCj


Innate Abilities, Weirdness & Mutations

You are resistant to damage.
You can recharge devices by infusing magical energy.
You passively map a small area around you.
You do not regenerate.


Message History

You are too confused!
Unknown command.
Espais's ghost closely misses you.
You hit the quokka.
The quokka is almost dead.
Your shield and scale mail prevent you from hitting espais's ghost.
The quokka barely misses you. The quokka closely misses you.
Espais's ghost shrieks, "What do you have that I didn't have?"
Espais's ghost gestures at you while chanting.
The spray of energy hits you!
* * * LOW HITPOINT WARNING * * *
You are more confused.
Evoke which item? (* to show all) (? for menu, Esc to quit)
Zapping:
e - a wand of heal wounds (1/9)
Press: ? - help, Shift-Dir - straight line, f - you Nothing appears to happen.
This wand has 0 charges left.
The quokka barely misses you.
Espais's ghost gestures at you while chanting.
The spray of energy hits you!
You die...

#.# #....# #.# #.##.#. #.#
##...###.## #.##.#. ##.##
#......... ..##... #...#
#........[ ,,.##..# #.#.#
##.####.## ** #..# #...#
#.# *,# #... ##.## #.# ,*
##.# #.# ##W####.# #.# #.#
#.@r....# #.# #.#
#..##############.#
######.#
#.................#
#......#
###########.#######
##.############## ##.##.#
#...............####.#.#.#
#..############.....###..#
#..# ######.#.#.# #..#
####<##.#


You could see espais's ghost and a quokka.

Vanquished Creatures
  A phantom (D:4)
  2 hounds (D:4)
  An orc priest (D:3)
  An iguana (D:4)
  2 worker ants (D:4)
  2 orc wizards
  4 adders
  A worm (D:2)
  2 dart slugs
  2 giant geckos (D:3)
  7 orcs
  4 giant cockroaches
  5 goblins
  5 hobgoblins
  3 jackals (D:4)
  A quokka (D:2)
  2 ball pythons
  4 bats
  8 giant newts
  7 kobolds
  11 rats
75 creatures vanquished.

Notes
Turn   | Place    | Note
-------+----------+-------------------------------------------
     0 | D:1      | Eldritch the Deep Dwarf Fighter began the quest for the Orb.
     0 | D:1      | Reached XP level 1. HP: 20/20 MP: 1/1
    75 | D:1      | Reached XP level 2. HP: 24/27 MP: 2/2
   571 | D:1      | Found a blossoming altar of Fedhas.
   613 | D:2      | Reached XP level 3. HP: 16/34 MP: 3/3
  1176 | D:3      | Reached skill level 1 in Dodging
  1413 | D:3      | Reached XP level 4. HP: 25/42 MP: 4/4
  1458 | D:3      | Found a faded altar of an unknown god.
  1828 | D:4      | Reached XP level 5. HP: 25/49 MP: 5/5
  1931 | D:4      | Noticed a phantom
  1995 | D:4      | Killed a phantom
  1995 | D:4      | Reached XP level 6. HP: 20/56 MP: 5/5
  2244 | D:4      | Noticed espais's ghost (amateur DrCj)
  2256 | D:4      | Killed from afar by espais's ghost

Vault maps used:
D:1:      dpeg_arrival_water_altar, hangedman_decor_clover_reticule,
          moated_statue
D:2:      grunt_ministairs_6
D:3:      ecumenical_altar_2, first_bread, st_stairs_12, serial_bayou_pond_d,
          patterned_corridor
D:4:      kennysheep_generic_room_13

Skill      XL: |  1  2  3  4  5 |
---------------+----------------+-----
Fighting       | 3 |  3.4
Shields        | 4 |  4.9
Dodging        | 1 2 3 |  3.7
Armour         | 4 |  4.6
Axes           | 3 |  3.5
Evocations     | |  0.6

Action                   |  1- 3 |  4- 6 || total
-------------------------+-------+-------++-------
Melee: War axe           |   132 |   142 ||   274
 Abil: Device Recharging |       |     2 ||     2
Evoke: Wand              |     5 |     6 ||    11
  Eat: Beef jerky        |     1 |       ||     1
       Bread ration      |       |     1 ||     1
Armor: Scale mail        |    57 |    77 ||   134
Dodge: Dodged            |    55 |    65 ||   120
Block: Shield            |    85 |    67 ||   152
